[Event "*** Titled Tuesday Blitz"]
[Site "Chess.com"]
[Date "2019.03.05"]
[Round "3"]
[White "FMJoseHerrera"]
[Black "MatthewG-p4p"]
[Result "0-1"]
[WhiteElo "2504"]
[BlackElo "2671"]
[TimeControl "180+2"]
[EndTime "13:42:47 PST"]
[Termination "MatthewG-p4p won by resignation"]

1. Nf3 c5 2. g3 Nc6 3. Bg2 g6 4. d3 Bg7 5. Nc3 d6 6. h4 h5 7. Bg5 Qb6 8. Rb1 Nf6 9. O-O Be6 10. a3 O-O 11. e4 Nh7 12. Be3 Nd4 13. Ne2 Rac8 14. b4 Nxe2+ 15. Qxe2 Qa6 16. bxc5 dxc5 17.
c4 Rfd8 18. Rb3 b6 19. Ng5 Bg4 20. f3 Bd7 21. Nxh7 Kxh7 22. f4 Rc7 23. f5 Ba4 24.
Rbb1 Rcd7 25. fxg6+ fxg6 26. Rf7 Kg8 27. Rbf1 Rxd3 28. Qf2 Qxc4 29. Rxg7+ Kxg7 30. Kh2 Rd1 31. Rxd1 Rxd1 32. Qf4 Qf7 33. Qh6+ Kg8 34. Bf4 Qg7 35. Qg5 Qf6 36. Qh6 Be8 37. e5 Qe6 38. Qg5 Rb1 39. Bd2 Rb2 40. Qe3 Bc6 41. Qc3 Ra2 42. Qd3 Bxg2 43. Kxg2 Kf7 44. Kh1 Qf5 45. Qc4+ Qe6 46. Qd3 c4 47. Qf3+ Ke8 48. Qa8+ Kf7 49. Qf3+ Kg7 50. Bc3 Rxa3 51. Qe3 Ra2 52. Bd2 Qd5+ 53. Kg1 Rxd2 0-1

[Event "*** Titled Tuesday Blitz"]
[Site "Chess.com"]
[Date "2019.03.05"]
[Round "3"]
[White "moro182"]
[Black "Chess_for_enjoy"]
[Result "1-0"]
[WhiteElo "2817"]
[BlackElo "2637"]
[TimeControl "180+2"]
[EndTime "13:42:48 PST"]
[Termination "moro182 won by resignation"]

1. d4 Nf6 2. Bf4 d5 3. e3 e6 4.
Nf3 Bd6 5. Nbd2 b6 6. c3 Bb7 7. Bd3 O-O 8. O-O c5 9. Qe2 Nc6 10. Rad1 Ne7 11. Bxd6 Qxd6 12. e4 dxe4 13. Nxe4 Nxe4 14.
Bxe4 Bxe4 15. Qxe4 c4 16. Ng5 Ng6 17. f4 h6 18. Nh3 Ne7 19. Nf2 Rac8 20. Qe5 Qd5 21.
Rfe1 Rfd8 22. Ng4 Ng6 23. Qxd5 Rxd5 24. g3 b5 25. a3 a5 26. Ne3 Rd7 27. f5 exf5 28.
Nxf5 Rd5 29. Ne3 Rd7 30. h4 Rcd8 31. a4 b4 32. Nxc4 bxc3 33. bxc3 Rc7 34. Nxa5 Rxc3 35. Kf2 Rd5 36. Nb7 Rc4 37. Re8+ Kh7 38. a5 Ra4 39. Rd8 Rf5+ 40. Ke3 Rb5 41. Nd6 Rb3+ 42. Rd3 Rxd3+ 43. Kxd3 Rxa5 44. Nxf7 Ne7 45. g4 h5 46. gxh5 Rxh5 47. Rh8+ Kg6 48. Ne5+ Kf5 49. Rxh5+ 1-0

[Event "*** Titled Tuesday Blitz"]
[Site "Chess.com"]
[Date "2019.03.05"]
[Round "3"]
[White "champ2005"]
[Black "tunadrol"]
[Result "0-1"]
[WhiteElo "2776"]
[BlackElo "2497"]
[TimeControl "180+2"]
[EndTime "13:42:51 PST"]
[Termination "tunadrol won by resignation"]

1. e4 c5 2. Nc3 d6 3. d4 cxd4 4. Qxd4 Nc6 5. Qd2 Nf6 6. b3 g6 7.
Bb2 Bg7 8. O-O-O O-O 9. f4 a6 10. Nf3 b5 11. Qe1 Qa5 12. Kb1 Be6 13. Ng5 Bg4 14.
Be2 Bxe2 15. Qxe2 Rac8 16. Qe1 Nb4 17. a3 Nxc2 18. Kxc2 b4 19. axb4 Qxb4 20. e5 dxe5 21. fxe5 Ng4 22. Qe4 Qxe4+ 23. Nxe4 Ne3+ 24. Kb1 Nxd1 25. Rxd1 Rfd8 26. Nd5 Kf8 27. Ba3 Ke8 28. Rd2 Rc6 29.
Nxe7 Rxd2 30. Nxd2 Re6 31. Nd5 Rxe5 32. Nc7+ Kd7 33.
Na8 Kc6 34. Nc4 Re2 35. Nab6 Rxg2 36. Bd6 Bd4 37. Na4 g5 38. Bb8 f5 39. Nab2 f4 40. Nd3 Rxh2 41. Kc1 h5 42. Kd1 h4 43. Ke1 h3 44. Be5 Kd5 45. Bxd4 Kxd4 46. Nde5 Rg2 47. Nf3+ Ke4 48. Nfd2+ Kd5 49. Kf1 g4 50. Nb1 f3 51.
Ne3+ Kd4 52. Nxg2 h2 0-1

[Event "*** Titled Tuesday Blitz"]
[Site "Chess.com"]
[Date "2019.03.05"]
[Round "3"]
[White "W_Amadeus"]
[Black "marianokar"]
[Result "0-1"]
[WhiteElo "2629"]
[BlackElo "2443"]
[TimeControl "180+2"]
[EndTime "13:42:51 PST"]
[Termination "marianokar won by resignation"]

1. e4 e5 2. Nf3 Nc6 3. Bb5 Nf6 4. O-O Nxe4 5. d4 Nd6 6. Bxc6 dxc6 7. dxe5 Nf5 8.
Qxd8+ Kxd8 9. h3 Ke8 10. Nc3 Ne7 11. Bf4 Ng6 12. Bh2 Bb4 13. Ne2 Nf8 14. c3 Be7 15.
Rfd1 c5 16. Nf4 Ne6 17. Nd5 b6 18. Nd2 Bb7 19. c4 Bd8 20. Ne4 h5 21. a3 a5 22.
Nec3 Ba6 23. Nb5 Bxb5 24. cxb5 a4 25. Rac1 Ra5 26. Rc4 h4 27. Nc3 Nd4 28. Kf1 Rh5 29.
Rxa4 Rxa4 30. Nxa4 Nxb5 31. Nc3 Nd4 32. b4 Rf5 33. bxc5 bxc5 34. Ne4 Be7 35. a4 Kd7 36. a5 Kc6 37. a6 Kb6 38. Ra1 Ka7 39. f3 Rh5 40.
Nc3 Rh6 41. Bg1 Rxa6 42. Rxa6+ Kxa6 43. Nd5 Bd8 44. Bxd4 cxd4 45. Ke2 c5 46. Nf4 Kb5 47. e6 fxe6 48. Nxe6 Bf6 49. Nc7+ Kc4 50. Ne8 Kc3 51.
Kd1 Kd3 52. Nd6 c4 53. Ne4 c3 54. Nf2+ Ke3 55. Ng4+ Kf4 0-1

[Event "*** Titled Tuesday Blitz"]
[Site "Chess.com"]
[Date "2019.03.05"]
[Round "3"]
[White "Anurag328"]
[Black "RegZryt"]
[Result "0-1"]
[WhiteElo "2640"]
[BlackElo "2449"]
[TimeControl "180+2"]
[EndTime "13:42:52 PST"]
[Termination "RegZryt won on time"]

1. e3 d5 2. b3 Nf6 3. Bb2 g6 4. h3 Bg7 5. a3 O-O 6. g3 c5 7. d3 Nc6 8. Nd2 e5 9. Bg2 Be6 10. Ne2 Rc8 11. O-O Nd7 12. f4 exf4 13.
Bxg7 Kxg7 14. Nxf4 Qg5 15. Kh2 Nb6 16. e4 d4 17. Nf3 Qe7 18. Qd2 Nd7 19. e5 Ndxe5 20. Nxe5 Nxe5 21. Rae1 f6 22. Bxb7 Rb8 23. Bg2 Bg8 24. Re2 Qd6 25. Qa5 a6 26. Be4 Rb5 27.
Qd2 Rbb8 28. Ref2 Rbe8 29. Qa5 Re7 30. b4 cxb4 31. axb4 Rb8 32. Bd5 Rb5 33. Qa2 Bxd5 34.
Nxd5 Qxd5 35. Qxa6 f5 36. g4 Qc6 37. Qxc6 Nxc6 38. gxf5 Rxf5 39. Rxf5 gxf5 40. Rxf5 Nxb4 41. Rc5 Re2+ 42. Kg3 Nxc2 43. Kf4 Ne1 44. Rc7+ Kf6 45. Rc6+ Re6 46. Rc4 Nxd3+ 47. Kg3 Ke5 48. Rc7 h6 49. Kh4 Ke4 50. Rf7 Ne5 51. Rf1 d3 52. Kh5 d2 53. h4 Nf3 54. Rd1 Ke3 55. Rf1 Ne1 0-1

[Event "*** Titled Tuesday Blitz"]
[Site "Chess.com"]
[Date "2019.03.05"]
[Round "3"]
[White "Supernotar"]
[Black "M1711"]
[Result "1-0"]
[WhiteElo "2531"]
[BlackElo "2512"]
[TimeControl "180+2"]
[EndTime "13:42:57 PST"]
[Termination "Supernotar won by resignation"]

1. d4 Nf6 2. c4 g6 3. Nc3 d5 4. cxd5 Nxd5 5. e4 Nxc3 6. bxc3 Bg7 7. Nf3 c5 8. Be3 O-O 9. Qd2 Qa5 10. Rc1 Rd8 11. d5 e6 12. Bg5 f6 13. Be3 Nc6 14.
Bd3 exd5 15. exd5 c4 16. Bxc4 Be6 17. O-O Bxd5 18. Bxd5+ Rxd5 19. Qb2 b6 20. Nd4 Qa4 21. c4 Rd7 22. Ne6 Bh8 23. Qb5 Qxb5 24. cxb5 Nb4 25. a3 Nd5 26. Rfd1 Re8 27. Nf4 Red8 28. Nxd5 Rxd5 29.
Rxd5 Rxd5 30. Rc8+ Kf7 31. g3 Bg7 32. Rc7+ Kg8 33. a4 Bf8 34. Rxa7 Bc5 35. Bh6 Rd1+ 36. Kg2 Ra1 37. Rg7+ Kh8 38. Rc7 Kg8 39. Rg7+ Kh8 40. Ra7 Kg8 41. Be3 Bxe3 42. fxe3 f5 43. a5 Ra2+ 44. Kf3 g5 45. axb6 g4+ 46. Kf4 Rb2 47.
b7 Rb4+ 48. Kg5 Rxb5 49. Ra8+ Kg7 50. b8=Q h6+ 51. Kh4 Rxb8 52. Rxb8 1-0

[Event "*** Titled Tuesday Blitz"]
[Site "Chess.com"]
[Date "2019.03.05"]
[Round "3"]
[White "mouseWLZ"]
[Black "Shant_Sargsyan"]
[Result "0-1"]
[WhiteElo "2467"]
[BlackElo "2918"]
[TimeControl "180+2"]
[EndTime "13:42:58 PST"]
[Termination "Shant_Sargsyan won by resignation"]

1. e4 c5 2. Nf3 e6 3. d4 cxd4 4. Nxd4 Nf6 5. Nc3 Nc6 6. Ndb5 Bb4 7. a3 Bxc3+ 8. Nxc3 d5 9. Bd3 O-O 10. O-O d4 11.
Ne2 e5 12. Bg5 h6 13. Bh4 g5 14. Bg3 Be6 15. h4 Kg7 16. Bb5 Nd7 17. c3 dxc3 18. bxc3 Rc8 19. Rb1 b6 20. Qd6 Qc7 21. Rbd1 Rfe8 22.
hxg5 hxg5 23. Bxc6 Qxc6 24. Bxe5+ Kg6 25. Ng3 Qxd6 26.
Bxd6 Rxc3 27. Rfe1 Nc5 28. Rc1 Rxc1 29. Rxc1 Rc8 30. f3 Rc6 31. e5 Bd5 32. Ne2 Ne6 33. Rd1 Bb3 34. Nd4 Nxd4 35. Rxd4 Be6 36. Rd2 a5 37.
Rb2 Bc4 38. Kf2 b5 39. Rd2 Be6 40. Ke3 Rc3+ 41. Kd4 Rc4+ 42. Ke3 g4 43. Rb2 Bd7 44. Kf2 Kf5 45. Re2 Bc6 46. Kg3 gxf3 47. gxf3 Rc3 48. Rf2 Rd3 49. Rc2 Rxf3+ 50. Kh2 Bd5 51. Rc5 Bc4 52.
Bc7 Rxa3 53. Rc6 Be6 54. Rb6 b4 55. Rb5 Ra2+ 56. Kg3 b3 57. Bxa5 b2 58. Bc3 Ra3 59. Rxb2 Rxc3+ 60. Kh4 Kxe5 61. Re2+ Kf6 62. Rf2+ Bf5 63.
Rh2 Rh3+ 64. Rxh3 Bxh3 65. Kxh3 Kf5 66. Kg3 Ke4 67. Kg4 f5+ 68. Kg3 Ke3 69. Kg2 f4 70. Kg1 Ke2 71. Kg2 f3+ 0-1

[Event "*** Titled Tuesday Blitz"]
[Site "Chess.com"]
[Date "2019.03.05"]
[Round "3"]
[White "ChessicallyInclined"]
[Black "nikitakhoroshev"]
[Result "0-1"]
[WhiteElo "2412"]
[BlackElo "2608"]
[TimeControl "180+2"]
[EndTime "13:43:00 PST"]
[Termination "nikitakhoroshev won by resignation"]

1. d4 Nf6 2. c4 e6 3. Nc3 Bb4 4.
e3 O-O 5. Ne2 d5 6. a3 Bxc3+ 7.
Nxc3 b6 8. Qf3 Bb7 9. g4 Qc8 10.
Bg2 c5 11. g5 Ne4 12. cxd5 Nxc3 13. bxc3 cxd4 14. O-O Qxc3 15. Rb1 Bxd5 16. e4 Qxf3 17.
Bxf3 Bc4 18. Rd1 e5 19. Rb4 Be6 20. Bg2 Nc6 21. Rb2 Na5 22. f4 f6 23. gxf6 gxf6 24. fxe5 fxe5 25. h3 Nc4 26. Re2 Rac8 27. Bf1 Nd6 28.
Bh6 Rf6 29. Rg2+ Rg6 30. Rxg6+ hxg6 31. Bg2 Rc3 32. Bd2 Rd3 33. Bf1 Rg3+ 34. Kh2 Rf3 35. Bb4 Nxe4 36. Bg2 Re3 37. Rf1 Bf5 38. Rc1 Nc3 39. h4 a5 40. Be7 Re2 41. Kg3 Kf7 42.
Bg5 Rc2 43. Rf1 Ne2+ 44. Kh2 Ke6 45. h5 gxh5 46. Rf2 Nf4 47. Rxc2 Bxc2 48. Bf3 Kf5 49. Bd8 e4 50. Bh1 d3 0-1

[Event "*** Titled Tuesday Blitz"]
[Site "Chess.com"]
[Date "2019.03.05"]
[Round "3"]
[White "JoachimMouhamad"]
[Black "r31415"]
[Result "1-0"]
[WhiteElo "2323"]
[BlackElo "2346"]
[TimeControl "180+2"]
[EndTime "13:43:00 PST"]
[Termination "JoachimMouhamad won by resignation"]

1. e4 e5 2. Nf3 Nc6 3. Bc4 Bc5 4.
O-O d6 5. c3 Bg4 6. d3 Nf6 7.
Nbd2 O-O 8. Re1 a5 9. a4 Qb8 10. Nf1 Qa7 11. Be3 Rad8 12. Bb5 d5 13.
Bxc5 Qxc5 14. exd5 Qxd5 15. Ne3 Qd6 16. Nxg4 Nxg4 17.
h3 Nf6 18. Bxc6 bxc6 19. Nxe5 Rfe8 20. d4 c5 21. Qb3 Qd5 22. Qxd5 Rxd5 23. Nc6 Rxe1+ 24.
Rxe1 Kf8 25. c4 Rd6 26. d5 Nd7 27. b3 f6 28. Re7 Rxc6 29. Rxd7 Rb6 30. Rxc7 Rxb3 31.
Rxc5 Rb4 32. d6 Ke8 33. Rc7 Rxa4 34. c5 Rc4 35. c6 Kd8 36. Kh2 h5 37. g4 hxg4 38.
hxg4 a4 39. Kg3 a3 40. Rd7+ Kc8 41. Rc7+ Kd8 42. f3 g5 43. Rf7 Rxc6 44. Rxf6 a2 45. Rf8+ Kd7 46. Ra8 Rc2 47. Ra6 Rd2 48. f4 Rd3+ 49.
Kf2 gxf4 50. g5 Rh3 51. g6 Rg3 52. g7 Kd8 53. Rxa2 Rxg7 54. Ra8+ 1-0

[Event "*** Titled Tuesday Blitz"]
[Site "Chess.com"]
[Date "2019.03.05"]
[Round "3"]
[White "Lennis93"]
[Black "MishkaFighter"]
[Result "0-1"]
[WhiteElo "2217"]
[BlackElo "2320"]
[TimeControl "180+2"]
[EndTime "13:43:02 PST"]
[Termination "MishkaFighter won by checkmate"]

1. e4 g6 2. Nf3 Bg7 3. d4 d6 4. Nc3 Nf6 5. Be2 O-O 6. O-O Nc6 7. d5 Nb8 8. a4 Bg4 9. Nd4 Bxe2 10. Ndxe2 c6 11.
Be3 a5 12. h3 Na6 13. Re1 Rc8 14. Nd4 Nb4 15. Nb3 Re8 16. dxc6 bxc6 17. Qe2 Qc7 18. Red1 c5 19. e5 dxe5 20. Nxc5 Qc6 21. Nb3 e6 22.
Nxa5 Qc7 23. Nb3 Nbd5 24. Nb5 Qb8 25. c3 Red8 26. Bc5 e4 27. Ba3 Nf4 28. Qe3 N4d5 29.
Qg3 Qb6 30. N3d4 Nh5 31. Qg4 f5 32. Qg5 Bf6 33. Qh6 Bg7 34. Qc1 Nhf4 35. Qd2 e5 36.
Nb3 e3 37. Qe1 e4 38. N3d4 exf2+ 39. Qxf2 Nd3 40. Rxd3 exd3 41. Rd1 Nc7 42. Rxd3 Nxb5 43. axb5 Bxd4 44. Rxd4 Rxd4 45. Qxd4 Qxd4+ 46. cxd4 Rb8 47. Kf2 Rxb5 48. Ke3 Kf7 49. Kd3 Ke6 50. Kc4 Rb8 51. d5+ Kd7 52. b4 Ra8 53. Bc1 Rc8+ 54. Kd4 Rxc1 55.
Ke5 Rc2 56. g4 fxg4 57. hxg4 Rc4 58. g5 Rxb4 59. Kf6 Rb7 60. Ke5 Rb6 61. Kf4 Kd6 62.
Ke4 Rb4+ 63. Kd3 Kxd5 64. Ke3 Rg4 65. Kf3 Rxg5 66. Kf4 Rf5+ 67. Kg4 Ke4 68. Kh3 h5 69. Kg2 Kf4 70. Kh3 Kg5 71. Kg3 h4+ 72. Kh3 Ra5 73. Kg2 Kg4 74. Kf2 Ra2+ 75. Ke3 h3 76. Ke4 h2 77. Ke5 h1=Q 78. Kf6 Qc6+ 79. Kg7 Qd7+ 80. Kh6 g5 81. Kg6 Ra6# 0-1

[Event "*** Titled Tuesday Blitz"]
[Site "Chess.com"]
[Date "2019.03.05"]
[Round "3"]
[White "Bad4life"]
[Black "Durarbayli"]
[Result "0-1"]
[WhiteElo "2490"]
[BlackElo "2769"]
[TimeControl "180+2"]
[EndTime "13:43:09 PST"]
[Termination "Durarbayli won by resignation"]

1. e4 e5 2. Nf3 Nc6 3. Bc4 Bc5 4. d3 a6 5. O-O d6 6. a4 Nh6 7. c3 Ba7 8. Bg5 Ne7 9. d4 exd4 10.
cxd4 Bg4 11. Nc3 Qd7 12. h3 Bh5 13. Ra3 f6 14. Bxh6 gxh6 15. Ne2 d5 16. exd5 O-O-O 17. Nf4 Bf7 18. Qb3 Rhg8 19. Re1 Rde8 20. Raa1 Nf5 21.
Qd3 Nd6 22. Bb3 Bg6 23. Nxg6 hxg6 24. Rac1 g5 25. Re6 h5 26. Nd2 g4 27. h4 f5 28. g3 Kb8 29. a5 f4 30. Qc2 fxg3 31. fxg3 Bxd4+ 32. Kh2 Rgf8 33. Rf1 Rxf1 34. Nxf1 Rf8 35.
Ba4 Qf7 36. Re1 Qf2+ 37. Qxf2 Rxf2+ 38. Kh1 Rxb2 39. Be8 Nxe8 40. Rxe8+ Ka7 41. Rc8 Rb1 42. Kg2 Rb2+ 43. Kh1 Rf2 44. Nh2 Be5 45. Rh8 Bxg3 46. Rxh5 Rxh2+ 47. Kg1 Rxh4 48. Rg5 Bd6 49. Kg2 g3 50.
Kf3 Ra4 51. Rg8 Ra3+ 52. Kg2 Rxa5 53. Kh3 Rb5 54. Rg5 a5 55. Rf5 a4 56. Rf1 Ra5 57.
Ra1 a3 58. Ra2 b5 59. Kg2 b4 60. Kh3 b3 61. Ra1 a2 62. Rd1 a1=Q 0-1

[Event "*** Titled Tuesday Blitz"]
[Site "Chess.com"]
[Date "2019.03.05"]
[Round "3"]
[White "FedaMaster"]
[Black "andrzej"]
[Result "0-1"]
[WhiteElo "2431"]
[BlackElo "2287"]
[TimeControl "180+2"]
[EndTime "13:43:20 PST"]
[Termination "andrzej won by checkmate"]

1. e4 c6 2. d4 d5 3. Nc3 dxe4 4. Nxe4 Nd7 5. Nf3 Ngf6 6. Neg5 e6 7. Bc4 Nb6 8. Bb3 Be7 9. Nxf7 Kxf7 10. Ng5+ Kf8 11.
O-O Qe8 12. Re1 Nbd5 13. c4 Nc7 14. Bf4 Qd8 15. Qf3 Kg8 16. Rad1 h6 17. Bxc7 Qxc7 18. Nxe6 Bxe6 19. Rxe6 Rd8 20. Rde1 Bf8 21. d5 c5 22.
Bc2 Bd6 23. h3 Rf8 24. Bg6 h5 25. Qf5 Rh6 26. f4 h4 27. Kh1 Qd8 28. R1e2 Qc7 29. a3 a6 30. Rf2 b6 31. b3 b5 32. Rf1 bxc4 33. bxc4 a5 34. Rb1 Bxf4 35. Rbb6 Bg3 36. Rec6 Qf4 37. Qxf4 Bxf4 38. Bf5 Bg3 39. Rxc5 Nh5 40.
Be6+ Kh8 41. Rb1 Nf4 42. Bg4 Nd3 43. Rc8 Rxc8 44. Bxc8 Rf6 45. Bg4 Bd6 46. Bf3 Bxa3 47. Rb8+ Rf8 48. Rb1 Bc5 49. Kh2 a4 50. Rb5 Bd6+ 51.
g3 Rxf3 52. Rb6 hxg3+ 53. Kg2 Rf2+ 54. Kg1 Bc5 55. Rb8+ Kh7 56. Rc8 Rf8+ 57. Rxc5 Nxc5 58. Kg2 a3 59. Kxg3 a2 60. Kg4 a1=Q 61. Kh5 Qe5+ 62. Kh4 Qf4+ 63. Kh5 Rf5# 0-1

[Event "*** Titled Tuesday Blitz"]
[Site "Chess.com"]
[Date "2019.03.05"]
[Round "3"]
[White "wonderfultime"]
[Black "StanislavNovikov"]
[Result "1-0"]
[WhiteElo "2921"]
[BlackElo "2657"]
[TimeControl "180+2"]
[EndTime "13:43:22 PST"]
[Termination "wonderfultime won by resignation"]

1. d4 g6 2. Nf3 Bg7 3. g3 d6 4.
Bg2 Nf6 5. O-O O-O 6. c4 c6 7. Nc3 Qb6 8. b3 e5 9. Bb2 e4 10. Ne1 d5 11. Nc2 Be6 12. Ne3 Nbd7 13. Rc1 Rfc8 14. Qd2 h5 15. Rc2 Qd8 16. Rfc1 Bh6 17. cxd5 cxd5 18. h3 a6 19. Na4 h4 20. g4 Rxc2 21.
Rxc2 Rc8 22. Nc5 Rc7 23. Nxe6 fxe6 24. Rxc7 Qxc7 25. Nxd5 Bxd2 26. Nxc7 Kf7 27. e3 Ba5 28. Na8 g5 29. Ba3 e5 30. dxe5 Nxe5 31. Bb2 Ke6 32.
Bd4 Ned7 33. a3 b5 34. b4 Bd8 35. Kf1 Kd5 36. f3 exf3 37. Bxf3+ Kc4 38. Bb7 Kb3 39.
Bxa6 Kxa3 40. Bxb5 Kxb4 41. Bc6 Ka5 42. Ke2 Ka6 43.
Kd3 Nb8 44. Bf3 Nbd7 45. e4 Ne8 46. e5 Nf8 47. Bd5 Ng7 48. Ke4 Nfe6 49. Be3 Ba5 50. Bxe6 Nxe6 51. Kf5 Nf4 52. Bxf4 gxf4 53. Kxf4 Kb7 54.
g5 Bb4 55. g6 Bf8 56. e6 Kc6 57. Kf5 Bg7 58. Nb6 Kd6 59. Nd5 1-0

[Event "*** Titled Tuesday Blitz"]
[Site "Chess.com"]
[Date "2019.03.05"]
[Round "3"]
[White "Taabling"]
[Black "MathiasWomacka"]
[Result "1/2-1/2"]
[WhiteElo "2178"]
[BlackElo "2263"]
[TimeControl "180+2"]
[EndTime "13:43:29 PST"]
[Termination "Game drawn by agreement"]

1. c4 c5 2. Nf3 Nf6 3. Nc3 e6 4. d4 cxd4 5. Qxd4 Nc6 6. Qd1 Bb4 7. Bd2 O-O 8. a3 Be7 9. e4 Bc5 10. Be2 Nd4 11. O-O h6 12. b4 Nxf3+ 13. Bxf3 Bd4 14. Rc1 d6 15. Nb5 Bb6 16. Bc3 Bc7 17. Nxc7 Qxc7 18.
Bxf6 gxf6 19. Qd2 Kh7 20. Rfd1 Rd8 21. c5 Bd7 22. Qxd6 Qxd6 23. Rxd6 Bc6 24. Rcd1 Rxd6 25. Rxd6 a5 26. e5 axb4 27. axb4 fxe5 28. h4 Ra4 29.
Bxc6 bxc6 30. Rd7 Kg6 31. h5+ Kf6 32. Rb7 e4 33. g3 Ra2 34. g4 Rb2 35. b5 cxb5 36.
c6 Rc2 37. c7 b4 38. Rxb4 Rxc7 39. Rxe4 Kg5 40. Kg2 f5 41. Rxe6 fxg4 42. Re5+ Kh4 43. Ra5 Rc2 44. Rb5 Rc7 45. Ra5 Rf7 46. Rb5 Rg7 47.
Ra5 Rg5 48. Ra6 Kxh5 49. Kg3 Rf5 50. Ra4 Rf3+ 51. Kg2 Kh4 52. Ra6 h5 53. Ra1 Rf5 54.
Ra4 Kg5 55. Rb4 h4 56. Ra4 Rc5 57. Rb4 Rc2 58. Rb5+ Kf6 59. Rb6+ Ke5 60. Rb5+ Kd6 61. Rh5 g3 62. Rxh4 Rxf2+ 1/2-1/2

[Event "*** Titled Tuesday Blitz"]
[Site "Chess.com"]
[Date "2019.03.05"]
[Round "3"]
[White "Ibraev_Vasilj"]
[Black "zeitnot2006"]
[Result "1/2-1/2"]
[WhiteElo "2152"]
[BlackElo "2101"]
[TimeControl "180+2"]
[EndTime "13:43:30 PST"]
[Termination "Game drawn by agreement"]

1. Nf3 b6 2. d4 Bb7 3. g3 g6 4.
Bg2 Bg7 5. O-O e6 6. c4 Ne7 7. Nc3 d6 8. e4 Nd7 9. Re1 a6 10. b3 e5 11. Bb2 exd4 12. Nxd4 O-O 13. Qd2 a5 14. a3 Nc5 15. Nd5 Bxd5 16. exd5 Qd7 17.
b4 Na4 18. Rad1 Nxb2 19. Qxb2 axb4 20. axb4 Rfe8 21. Qc2 Kh8 22. c5 bxc5 23. bxc5 dxc5 24. Qxc5 Qd6 25. Qc4 Ng8 26. Nb5 Qa6 27. Rxe8 Rxe8 28.
Qc6 Qa4 29. Rf1 Re7 30. h4 Nh6 31. Rc1 Bb2 32. Rb1 Bg7 33. Rc1 Bb2 34. Rb1 Bg7 35. d6 cxd6 36. Nxd6 Qxc6 37. Bxc6 Be5 38. Nc4 Bc7 39. Rb7 Kg7 40. Kg2 Nf5 41. Nd2 Nd6 42.
Ra7 Bd8 43. Ra8 Bb6 44. Nf3 Ne4 45. Bxe4 Rxe4 46. Ra2 Re7 47. Rb2 Bc5 48. Rc2 Ba7 49.
Ng5 h6 50. Nh3 Rd7 51. Nf4 Bb6 52. Rc6 Ba7 53. Ra6 Bc5 54. Ra5 Bb6 55. Rb5 Ba7 56. Rb2 Bc5 57. Rc2 Ba7 58. Kf3 Bb6 59. Rb2 Ba7 60.
Ra2 Bb6 61. Ra6 Bc5 62. Ra5 Bb6 63. Ra6 1/2-1/2

[Event "*** Titled Tuesday Blitz"]
[Site "Chess.com"]
[Date "2019.03.05"]
[Round "3"]
[White "SF-96"]
[Black "raviteja81293"]
[Result "1-0"]
[WhiteElo "2577"]
[BlackElo "2562"]
[TimeControl "180+2"]
[EndTime "13:43:32 PST"]
[Termination "SF-96 won by resignation"]

1. e4 c6 2. d4 d5 3. e5 c5 4. Nf3 Nc6 5. c4 cxd4 6. Nxd4 e6 7.
Nc3 Bc5 8. Nb3 Bb4 9. cxd5 Qxd5 10.
Qxd5 exd5 11. Bd2 Nge7 12. Nb5 Bxd2+ 13. Kxd2 O-O 14. f4 g5 15. fxg5 Nxe5 16. Re1 N7c6 17. N3d4 Bd7 18. Nxc6 Nxc6 19. Bd3 Rad8 20. Nc3 Be6 21.
a3 Kg7 22. Rhf1 Nd4 23. Rf4 Nb3+ 24. Kd1 Nc5 25. Bb1 d4 26. Ne4 Bb3+ 27. Kd2 Nxe4+ 28. Rexe4 Bd5 29. Rxd4 Bxg2 30. Ke3 Rfe8+ 31. Kf2 Rxd4 32. Rxd4 Bc6 33. Rh4 Rh8 34. Rh6 a5 35. b4 axb4 36. axb4 Rd8 37. Rxh7+ Kg8 38. Rh4 Rd1 39. Bf5 Rd5 40.
Rf4 Kg7 41. h4 Rd2+ 42. Ke3 Rb2 43. Bd3 Rg2 44. Bc4 Be8 45. Kd4 Rg1 46. Bd5 Rd1+ 47.
Kc5 b6+ 48. Kd6 Kg6 49. Rf6+ Kg7 50. h5 Rg1 51. h6+ Kf8 52. h7 Kg7 53. Rh6 Kh8 54.
Ke7 Ba4 55. Rxb6 Rxg5 56. Bxf7 Kxh7 57. Kf6 Rg4 58. Rb7 Bc6 59. Rc7 Rf4+ 60. Ke5 Re4+ 61. Kf5 Kh6 62. Rxc6+ Kg7 63. Kxe4 1-0

[Event "*** Titled Tuesday Blitz"]
[Site "Chess.com"]
[Date "2019.03.05"]
[Round "3"]
[White "DACF2905"]
[Black "Jenia84"]
[Result "1/2-1/2"]
[WhiteElo "2063"]
[BlackElo "2168"]
[TimeControl "180+2"]
[EndTime "13:43:32 PST"]
[Termination "Game drawn by agreement"]

1. e4 e5 2. Nf3 Nc6 3. Bb5 Nf6 4. O-O Nxe4 5. Re1 Nd6 6. Bxc6 dxc6 7. Nxe5 Be7 8. d4 O-O 9. c3 Bf5 10. Bf4 Bf6 11.
Nd2 Re8 12. Bg3 Bxe5 13. Bxe5 f6 14. Bg3 b6 15. Qf3 Qd7 16. d5 c5 17. c4 Bg4 18. Qf4 Qf5 19. b3 Qxf4 20. Bxf4 Bf5 21. f3 g5 22. Bg3 Kf7 23. Kf2 h5 24. h4 a5 25. Rxe8 Rxe8 26. Re1 Rxe1 27. Kxe1 Kg6 28.
Kf2 Bc2 29. Ke3 a4 30. hxg5 Nf5+ 31. Kf2 Nxg3 32. Kxg3 fxg5 33. Kf2 axb3 34. axb3 Kf5 35. Ke3 h4 36. Ke2 Kf4 37. Kf2 g4 38. fxg4 Kxg4 39.
Kf1 Kg3 40. Kg1 Kf4 41. Kf2 Kg4 42. Kf1 Bd3+ 43. Kf2 Bc2 44. Kf1 Kf4 45. Kf2 Ke5 46.
Ke3 Kf5 47. Kf3 Bd1+ 48. Ke3 Kg4 49. Kf2 Kf4 50. Ke1 Bc2 51. Kf2 Bd1 52. Ke1 Bc2 53. Kf2 Bf5 54. Nf3 h3 55. gxh3 Bxh3 56. Ne1 Bf5 57. Ke2 Ke4 58. Kd2 Kd4 59. Nf3+ Ke4 60. Ng5+ Ke5 61. Nf3+ Kd6 62. Kc3 c6 63. dxc6 Kxc6 64.
b4 b5 65. cxb5+ Kxb5 66. bxc5 Kxc5 67. Nd4 Bd7 1/2-1/2

[Event "*** Titled Tuesday Blitz"]
[Site "Chess.com"]
[Date "2019.03.05"]
[Round "3"]
[White "shrek4life02"]
[Black "Barcelona_Guy"]
[Result "1/2-1/2"]
[WhiteElo "2375"]
[BlackElo "2722"]
[TimeControl "180+2"]
[EndTime "13:43:33 PST"]
[Termination "Game drawn by agreement"]

1. d4 Nf6 2. Bf4 d5 3. Nc3 c5 4. e3 cxd4 5. exd4 a6 6. Nf3 Nc6 7. Bd3 Bg4 8. Ne2 Bxf3 9. gxf3 e6 10. Qd2 Bd6 11. Bg5 h6 12. Bh4 Rc8 13. c3 b5 14.
Rg1 g5 15. Bg3 Na5 16. f4 g4 17. f5 Nc4 18. Bxc4 bxc4 19. Be5 exf5 20. Qf4 Bxe5 21. Qxe5+ Qe7 22. Qxf5 Qe6 23. Qxe6+ fxe6 24. O-O-O Kd7 25. Nf4 h5 26. Ng6 Rhg8 27. Ne5+ Kd6 28. Rde1 Rcf8 29. Rg2 Nh7 30. b3 cxb3 31. axb3 Ng5 32. c4 Ne4 33. c5+ Kc7 34. Re2 a5 35. Kc2 Ng5 36. b4 axb4 37.
Kb3 Ne4 38. Ra2 Ra8 39. f3 Rxa2 40. Rxa2 gxf3 41. Nxf3 Rb8 42. Ra7+ Kc6 43. Ne5+ Kb5 44. Nd7 Rg8 45. Rb7+ Kc6 46. Rb8 Rg2 47. Ne5+ Kc7 48.
Re8 Rxh2 49. Rxe6 h4 50. Rc6+ Kd8 51. Rh6 h3 52. c6 Rg2 53. Rh8+ Kc7 54. Rh7+ Kc8 55.
Nd7 Kc7 56. Ne5+ Kc8 57. Rh8+ Kc7 58. Rxh3 Rg3+ 59. Rxg3 Nxg3 60. Kxb4 Nf5 61. Kc5 Ne7 62. Kb5 Nf5 63. Kc5 Ne7 64. Kb5 Nf5 65. Nf3 Ne7 1/2-1/2

[Event "*** Titled Tuesday Blitz"]
[Site "Chess.com"]
[Date "2019.03.05"]
[Round "3"]
[White "NoGalloNoParty"]
[Black "Cryptinz"]
[Result "1-0"]
[WhiteElo "2338"]
[BlackElo "2329"]
[TimeControl "180+2"]
[EndTime "13:43:35 PST"]
[Termination "NoGalloNoParty won by resignation"]

1. Nf3 Nf6 2. c4 c6 3. d4 d5 4. e3 Bf5 5. Nc3 e6 6. Nh4 Bg6 7. Nxg6 hxg6 8. Bd2 Nbd7 9. Be2 Bd6 10. h3 dxc4 11.
Bxc4 g5 12. e4 Bf4 13. Bxf4 gxf4 14. Be2 e5 15. O-O Qb6 16. d5 Qxb2 17. dxc6 bxc6 18.
Na4 Qd4 19. Qxd4 exd4 20. Rfd1 c5 21. Rac1 O-O 22. Nxc5 Nxc5 23. Rxc5 Nxe4 24. Rc2 Rad8 25. Bf3 Nc3 26. Rd3 Rfe8 27. Rcd2 g5 28. Rxd4 Rxd4 29. Rxd4 Nxa2 30. Rd7 Nc3 31. Rxa7 Rc8 32. Kh2 f6 33. h4 Rc5 34. Kh3 Nb5 35. Rb7 Nd6 36. Rd7 Nf5 37. hxg5 fxg5 38. Kg4 Nh6+ 39. Kh5 Nf7 40. Bd5 g4 41.
Kxg4 Kf8 42. Rxf7+ Ke8 43. Rf5 Rc2 44. f3 Rxg2+ 45. Kxf4 Ke7 46. Ke5 Re2+ 47. Be4 Rb2 48. Rh5 Rb5+ 49. Bd5 Rb4 50. Rh7+ Kf8 51. f4 Rb6 52.
Rf7+ Ke8 53. Rb7 Rh6 54. f5 Kf8 55. Rf7+ Ke8 56. f6 Rh5+ 57. Ke6 Rh2 58. Re7+ Kf8 59. Rf7+ Kg8 60. Ra7 Re2+ 61. Kd6+ Kh8 62. Ra8+ Kh7 63. Bg8+ Kg6 64. f7 Rd2+ 65. Ke5 1-0